Unix NetHack Version 5.0.0-0 post-release - last build May 31 2026 23:59:36 (970b52f25bf058293b47ddfd14a1e40e571c508c,branch:main).

Game began 2026-06-07 13:31:48, ended 2026-06-07 14:34:17.

Frompor, neutral female human Valkyrie

      -----         #############################
      |....####     #---------------------------.----
      |.<.|   #)#   #|.........................)....|
      |...|     #   #| -----..-----.-------  ------.|
      -.---     #   #        .|..|....|...|  |....|.|
       #        #####        .+.......|...|  |....|.|
       #           ##        .|------||...|-----|--.|
      ##           ##  ------.|%%|..|.|...|..|..!%)..#)####
      #           ###  |....|.|%%|..|.---||..|.----.|
      #          # ##  |)@@.|.|..|-|-..{..--|-.-..|.|
      #            ##  |..@...-|--..(..........|..|.|
      #      ##### ##  |....-......-|-----.--|-|--|.|
      ## ############ .|-----.----||.*|  +.|...|  |.|
    --.---#         #|.+    ..|  ..|[%|  |.|(((|  |.|
    |....|#         #..|   |..|  ..|"(|  -.|.((|  |.|
    |....|#          |.-   -..- -------   .-----  -.|
    |>.^%)#           ..   ...            .        .|
    ------            --- -----          ---      ---

Frompor the Fighter         St:17 Dx:12 Co:16 In:10 Wi:9 Ch:10  Neutral S:2553
Dlvl:5  $:237 HP:0(48) Pw:19(19) AC:2  Xp:6/499 T:1953 

Latest messages:
 This door is locked.
 Tom misses the monkey.
 Tom misses the monkey.
 Tom misses the monkey.
 Tom misses the monkey.
 Tom bites it.
 Tom eats a monkey corpse.
 You attack thin air.
 "Velkommen, Frompor!  Welcome again to Izchak's lighting store!"
 You see here 5 candles (for sale, 65 zorkmids).
 You see here 4 candles (for sale, 52 zorkmids).
 You see here a candle (for sale, 13 zorkmids).
 You see here a milky potion (for sale, 333 zorkmids).
 You see here 4 candles (for sale, 52 zorkmids).
 You hear bubbling water.
 Tom picks up a milky potion.
 Tom drops a milky potion.
 "Velkommen, Frompor!  Welcome again to Izchak's lighting store!"
 You see here a milky potion (no charge).
 Tom picks up a candle.
 You learn more about your items by comparing them.
 H - an uncursed milky potion (2 in total).
 Tom drops a candle.
 You stop.  Tom is in the way!
 You kill the newt!
 You see here a newt corpse.
 e - a newt corpse.
 You see here a rusty pick-axe.
 You have a forbidding feeling...
 There are many objects here.
 What do you want to sacrifice? [e or ?*] ?
 Your sacrifice is consumed in a plume of smoke!
 You sense a conflict between Odin and Loki.
 You feel the power of Odin increase.
 The altar glows gray.
 The priest of Loki gets angry!
 "Halt!  You're under arrest!"
 The guard gets angry!
 The priest of Loki wields a mace!
 The priest of Loki kicks!
 The priest of Loki casts a spell at you!
 You are frozen in place!
 The watch captain wields a silver saber!
 The watch captain swings his silver saber.
 The watch captain hits!
 The priest of Loki swings his mace.
 The priest of Loki hits!
 You die...
 Do you want your possessions identified? [ynq] (y) y
 Do you want to see your attributes? [ynq] (y) q

Inventory:
 Coins    ('$')
  $ - 237 gold pieces
 Weapons  (')')
  f - a +2 boomerang
  v - 5 cursed +0 shuriken
  a - a +1 spear (weapon in right hand)
 Armor    ('[')
  l - an uncursed +0 orcish helm (being worn)
  B - an uncursed +0 pair of iron shoes (being worn)
  c - an uncursed +3 small shield (being worn)
  n - an uncursed +0 elven cloak (being worn)
 Comestibles  ('%')
  p - an uncursed cram ration
  d - 5 uncursed food rations
  g - an uncursed fortune cookie
  Q - an uncursed pancake
  P - an uncursed tin of pureed fox meat
  K - an uncursed tin of spinach
  o - an uncursed egg
 Scrolls  ('?')
  U - an uncursed scroll of destroy armor
  R - a blessed scroll of identify
 Spellbooks  ('+')
  k - an uncursed spellbook of cause fear
  q - an uncursed spellbook of detect monsters
 Potions  ('!')
  X - a blessed potion of gain ability
  Y - an uncursed potion of object detection
  H - 2 uncursed potions of oil
  O - a blessed potion of sickness
  S - an uncursed potion of sleeping
 Wands    ('/')
  W - a wand of digging (0:7)
  T - a wand of magic missile (0:6)
  C - a wand of magic missile (0:5)
 Tools    ('(')
  F - an uncursed blindfold
  Z - an uncursed mirror
  b - an uncursed tallow candle
  N - an uncursed tin whistle
  V - an uncursed wax candle

Frompor the Valkyrie's attributes:

Background:
 You were a Fighter, a level 6 human Valkyrie.
 You were neutral, on a mission for Odin
 who was opposed by Tyr (lawful) and Loki (chaotic).
 You were right-handed.
 You were in the Gnomish Mines, on level 5.
 You entered the dungeon 1953 turns ago.
 You had 499 experience points, 141 more were needed to attain level 7.
 Your score was 2553 before end-of-game adjustments.

Basics:
 You had 0 out of 48 hit points.
 You had all 19 energy points (spell power).
 Your armor class was 2.
 Your wallet contained 237 zorkmids.
 Autopickup was off.

Final Characteristics:
 Your strength was 17 (peak:18, limit:18/100).
 Your dexterity was 12 (limit:18).
 Your constitution was 16 (limit:18).
 Your intelligence was 10 (limit:18).
 Your wisdom was 9 (limit:18).
 Your charisma was 10 (limit:18).

Final Status:
 You weren't hungry.
 You were unencumbered.
 You were wielding a spear.
 You were skilled in spear.

Final Attributes:
 You were stridently aligned.
 You were cold resistant.
 You were stealthy.
 You were warded.
 You were unlucky.
 You are dead.

Miscellaneous:
 You didn't encounter any bones levels.
 Total elapsed playing time was 1 hour, 2 minutes and 2 seconds.

Major events:
 Turn
    1: Frompor the neutral human Valkyrie entered the dungeon
  767: entered the Gnomish Mines
  776: attained the rank of Skirmisher (level 3)
 1597: reached Mine Town
 1663: attained the rank of Fighter (level 6)
 1953: killed by a priest of Loki, while paralyzed by a monster

You didn't know any spells.

Skills:
 Fighting Skills
   bare handed combat [Unskilled]
   two weapon combat  [Unskilled]
   riding             [Unskilled]
 Weapon Skills
   dagger             [Basic]
   axe                [Unskilled]
   pick-axe           [Unskilled]
   short sword        [Unskilled]
   broadsword         [Unskilled]
   long sword         [Unskilled]
   two-handed sword   [Unskilled]
   saber              [Unskilled]
   hammer             [Unskilled]
   quarterstaff       [Unskilled]
   polearms           [Unskilled]
   spear              [Skilled]
   trident            [Unskilled]
   lance              [Unskilled]
   sling              [Unskilled]
 Spellcasting Skills
   attack spells      [Unskilled]
   escape spells      [Unskilled]

Voluntary challenges:
 Character rerolling was not enabled.
 You never genocided any monsters.
 You never polymorphed an object.
 You never changed form.
 You used no wishes.
Achievements:
 You entered the Gnomish Mines.
 You attained the rank of Skirmisher.
 You entered Minetown.
 You attained the rank of Fighter.
 You entered a shop.
 You entered a temple.

 The Dungeons of Doom: levels 1 to 2
    Level 1:
    Level 2:
       Stairs down to The Gnomish Mines.
 The Gnomish Mines: levels 3 to 6
    Level 3:
    Level 4:
    Level 5: <- You were here.
       Some shops, a temple and an altar to Odin, a fountain.
       Final resting place for
          you, killed by a priest of Loki, while paralyzed by a monster.
    Level 6:


Vanquished creatures:
  a watchman
  a gnome ruler
  a wood nymph
  a mountain nymph
  a rock mole
  6 gnome leaders
  2 gnomish wizards
  5 dwarves
  4 monkeys
  3 dwarf zombies
 an iguana
  4 coyotes
 29 gnomes
  a gnome zombie
  3 jackals
  a kobold
  3 goblins
  a sewer rat
  5 grid bugs
  3 lichens
  2 newts
78 creatures vanquished.

No species were genocided or became extinct.

Game over:
                       ----------
                      /          \
                     /    REST    \
                    /      IN      \
                   /     PEACE      \
                  /                  \
                  |     Frompor      |
                  |      237 Au      |
                  |   killed by a    |
                  |  priest of Loki  |
                  |                  |
                  |                  |
                  |       2026       |
                 *|     *  *  *      | *
        _________)/\\_//(\/(/\)/\//\/|_)_______

Farvel Frompor the Valkyrie...

You died in The Gnomish Mines on dungeon level 5 with 2530 points,
and 237 pieces of gold, after 1953 moves.
You were level 6 with a maximum of 48 hit points when you died.

